 Dungeon Crawl Stone Soup version 0.16.1-51-g6203257 (webtiles) character file.

338 Miyamura the Sneak (level 6, -2/49 HPs)
             Began as a Vine Stalker Monk on July 7, 2015.
             Was a Believer of Dithmenos.
             Slain by a mummy (7 damage)
             ... in an ossuary.
             The game lasted 00:10:00 (2506 turns).

Miyamura the Sneak (Vine Stalker Monk)              Turns: 2506, Time: 00:10:00

Health: -2/49      AC: 23    Str: 13    XL:     6   Next: 55%
Magic:  0/13       EV:  2    Int: 14    God:    Dithmenos [**....]
Gold:   122        SH:  0    Dex: 17    Spells: 0 memorised, 9 levels left

rFire  . . .     SeeInvis .     d - +1 short sword (vamp) (curse)
rCold  . . .     Clarity  .     a - melded +1 robe (curse)
rNeg   + + +     SustAb   .     (no shield)
rPois  +         Gourm    .     (helmet currently unavailable)
rElec  .         Spirit   +     (cloak currently unavailable)
rCorr  .         Warding  .     (gloves currently unavailable)
rMut   .         NoTele   +     j - melded +0 pair of boots (curse)
MR     .....                    (no amulet)
Stlth  +++++.....               (no ring)
                                (no ring)

@: tree-form, very slightly contaminated, wreathed by umbra, not resistant to
hostile enchantments, quite stealthy
A: (fangs 0), (hooves 0), clever 1, sense surroundings 1, regeneration 2, magic
shield, (antimagic bite), no device heal 3, rot immunity
a: Shadow Step, Renounce Religion


You were in an ossuary.
You worshipped Dithmenos.
Dithmenos was pleased with you.
You were near starving.
You were a tree.
You visited 1 branch of the dungeon, and saw 4 of its levels.
You also visited: Ossuary.

You collected 122 gold pieces.

Inventory:

Hand weapons
 d - a cursed +1 vampiric short sword (weapon)
Armour
 a - a cursed +1 robe (melded)
 j - a cursed +0 pair of boots (melded)
Magical devices
 h - a wand of polymorph (13)
Scrolls
 o - a scroll of remove curse
Potions
 c - 4 potions of curing
Comestibles
 i - 2 bread rations
 r - a meat ration


   Skills:
 + Level 3.7 Fighting
 + Level 2.0 Short Blades
 + Level 3.5 Dodging
 + Level 4.6 Stealth
 - Level 4.0 Unarmed Combat
 + Level 2.4 Spellcasting


You had 9 spell levels left.
You didn't know any spells.

Dungeon Overview and Level Annotations

Branches:
Dungeon (4/15)
 Temple: D:4-7

Altars:
Cheibriados
Dithmenos
Makhleb
Vehumet
Yredelemnul

Annotations:
D:4 Robin


Innate Abilities, Weirdness & Mutations

((You have extremely sharp teeth.))
You heal very quickly.
When hurt, damage is shared between your health and your magic reserves.
((Your bite disrupts and absorbs the magic of your enemies.))
Potions and wands cannot restore your health.
You are immune to rotting.
((You have large cloven feet.))
Your mind is acute. (Int +2)
You passively map a small area around you.


Message History

The mummy hits you but does no damage.
You hit the mummy. Your bite misses the mummy.
The mummy is severely damaged.
You barely miss the mummy. You bite the mummy, but do no damage.
The mummy is severely damaged.
The mummy completely misses you. The mummy hits you.
* * * LOW HITPOINT WARNING * * *
You barely miss the mummy.
The mummy is severely damaged.
The mummy hits you but does no damage.
You hit the mummy. You bite the mummy, but do no damage.
The mummy is almost destroyed.
The mummy hits you!
* * * LOW HITPOINT WARNING * * *
You hit the mummy but do no damage. You bite the mummy, but do no damage.
The mummy is almost destroyed.
The mummy hits you.
* * * LOW HITPOINT WARNING * * *
The mummy hits you!
You die...

################
##..............##
#......####..M...##
....M.##..##...M♣.#
.....##....##..M..#
......M.M.........#
#...........Z....##
##..............##
#+##........##+#
##......##, * ,
##....##,, #....# ,
,


You could see 3 mummies and an orc zombie.

Vanquished Creatures
  The ghost of Miyamura the Charlatan, an average SpAr (D:3)
  2 scorpions
  4 mummies (Ossuary)
  3 adders
  A worm (D:2)
  3 orcs (D:3)
  10 hobgoblins
  8 kobolds
  A ball python (D:3)
  8 bats
  3 giant cockroaches
  3 giant newts
  5 goblins
  4 hobgoblin zombies (Ossuary)
  A kobold zombie (Ossuary)
  An orc zombie (Ossuary)
  7 rats
  A spectral orc (D:3)
66 creatures vanquished.

Notes
Turn   | Place    | Note
--------------------------------------------------------------
     0 | D:1      | Miyamura, the Vine Stalker Monk, began the quest for the Orb.
     0 | D:1      | Reached XP level 1. HP: 11/11 MP: 1/1
   136 | D:1      | Reached XP level 2. HP: 16/16 MP: 3/3
   739 | D:2      | Reached skill level 1 in Spellcasting
   805 | D:2      | Reached XP level 3. HP: 17/19 MP: 5/5
  1083 | D:2      | Found a shadowy altar of Dithmenos.
  1098 | D:2      | Became a worshipper of Dithmenos the Shadowed
  1098 | D:2      | Acquired Dithmenos' first power
  1341 | D:2      | Found a snail-covered altar of Cheibriados.
  1343 | D:2      | Found a radiant altar of Vehumet.
  1454 | D:3      | Found a burning altar of Makhleb.
  1675 | D:3      | Reached XP level 4. HP: 24/24 MP: 5/7
  1708 | D:3      | Noticed Miyamura's ghost (average SpAr)
  1728 | D:3      | Killed Miyamura's ghost
  1728 | D:3      | Reached skill level 1 in Short Blades
  1728 | D:3      | Reached XP level 5. HP: 5/28 MP: 2/11
  1918 | D:3      | Noticed a scorpion
  1928 | D:3      | Killed a scorpion
  1950 | D:3      | Found a basalt altar of Yredelemnul.
  1963 | D:3      | Gained mutation: Your mind is acute. (Int +2) [potion of mutation]
  1963 | D:3      | Gained mutation: You passively map a small area around you. [potion of mutation]
  1963 | D:3      | Gained mutation: You have large cloven feet. [potion of mutation]
  2317 | D:4      | Gained mutation: You heal very quickly. [vine stalker growth]
  2317 | D:4      | Reached XP level 6. HP: 32/32 MP: 13/13
  2381 | D:4      | Found a sand-covered staircase.
  2383 | D:4      | Noticed Robin
  2386 | Ossuary  | Entered an ossuary
  2506 | Ossuary  | Slain by a mummy

Action                   |  1- 3 |  4- 6 || total
-------------------------+-------+-------++-------
Melee: Unarmed           |    42 |       ||    42
       Short sword       |    66 |   115 ||   181
Evoke: Wand              |       |     4 ||     4
  Use: Scroll            |     6 |     7 ||    13
       Potion            |       |     7 ||     7
 Stab: Sleeping          |     5 |     7 ||    12
  Eat: Bread ration      |     1 |       ||     1
       Pizza             |     1 |       ||     1
       Chunk             |     1 |     1 ||     2
